 Dungeon Crawl Stone Soup version 0.30-a0-341-g682706514a (webtiles) character file.

Game seed: 9565468970124586406

481 p00ps00p the Trooper (level 7, -5/53 HPs)
             Began as a Djinni Venom Mage on Nov 4, 2022.
             Was an Initiate of Ashenzari.
             Slain by a phantom (6 damage)
             ... on level 4 of the Dungeon.
             The game lasted 00:34:37 (5195 turns).

p00ps00p the Trooper (Djinni Venom Mage)            Turns: 5195, Time: 00:34:37

Health: -5/53      AC:  2    Str:  7    XL:     7   Next: 34%
Gold:   202        EV: 12    Int: 19    God:    Ashenzari [......] SH:  0 Dex: 13

rFire   + + .      SeeInvis .    k - +3 whip
rCold   x . .      Faith    .    (no shield)
rNeg    . . .      Spirit   .    a - +0 robe
rPois   ∞          Reflect  .    (no helmet)
rElec   .          Harm     .    (no cloak)
rCorr   .          Rampage  .    (no gloves)
Will    .....                    (boots unavailable)
Stlth   ++........               (no amulet)
HPRegen 0.28/turn                e - ring of wizardry
MPRegen 0.00/turn                (no ring)

@: flying
A: sickness immunity, fire resistance 2, cold vulnerability 1, float, innate
caster, HP casting, extra vitality 1
a: Renounce Religion, Curse Item


You were on level 4 of the Dungeon.
You worshipped Ashenzari.
Ashenzari was noncommittal.
You visited 1 branch of the dungeon, and saw 4 of its levels.

You collected 202 gold pieces.

Inventory:

Hand Weapons
 k - a +3 whip (weapon)
 q - a +1 dagger of flaming
Missiles
 h - 9 poisoned darts
Armour
 a - a +0 robe (worn)
 b - a +0 pair of boots
 c - a +1 helmet
Magical Staves
 j - a staff of conjuration
 o - a staff of poison
Jewellery
 e - a ring of wizardry (left hand)
 g - a ring of fire
Scrolls
 m - 3 scrolls of amnesia
Potions
 d - 2 potions of degeneration
 f - 2 potions of lignification {unknown}
 i - a potion of resistance
 l - a potion of berserk rage {unknown}
 n - a potion of ambrosia {unknown}
 p - a potion of heal wounds {unknown}
 r - a potion of attraction {unknown}
 t - a potion of might {unknown}


   Skills:
 + Level 4.9 Fighting
 - Level 2.1 Dodging
 - Level 1.5 Stealth
 + Level 4.5 Spellcasting


You couldn't memorise any spells.
You knew the following spells:

 Your Spells              Type           Power      Damage    Failure   Level
a - Sting                 Tmut/Pois      84%        1d7       1%          1
b - Poisonous Vapours     Pois/Air       42%        N/A       1%          2
c - Mephitic Cloud        Conj/Pois/Air  21%        N/A       2%          3
d - Olgreb's Toxic Radia  Pois           21%        N/A       9%          4
e - Sandblast             Erth           42%        2d11      1%          1
f - Ensorcelled Hibernat  Hex/Ice        42%        N/A       1%          2
g - Static Discharge      Conj/Air       42%        2-4/arc   1%          2
Your spell library was empty.

Dungeon Overview and Level Annotations

Branches:
Dungeon (4/15)
 Temple: D:4-7

Altars:
Ashenzari

Annotations:
D:3 3 runed translucent doors, eyols's ghost, amateur FoFi; retardedninja's ghost, weakling MiFi


Innate Abilities, Weirdness & Mutations

You are immune to sickness and miasma.
You are immune to poison.
Your flesh is very heat resistant. (rF++)
You are vulnerable to cold. (rC-)
You float through the air rather than walking.
You learn spells naturally, not from books.
Your magical power is your life essence.
You have superior vitality. (+4 MHP)


Message History

Your +0 helmet glows green for a moment.
The phantom hits you. The phantom attacks as you move away!
The phantom hits you.
You see here a +3 whip.
k - a +3 whip The phantom misses you.
k - a +3 whip (weapon)
You hit the phantom.
The phantom is moderately damaged.
The phantom hits you.
You hit the phantom.
The phantom is heavily damaged.
The phantom hits you.
You miss the phantom.
The phantom is heavily damaged.
The phantom hits you.
You hit the phantom.
The phantom is heavily damaged.
The phantom hits you.
* * * LOW HITPOINT WARNING * * *
The phantom blinks!
You blink.
The phantom hits you!
* * * LOW HITPOINT WARNING * * *
The phantom blinks!
You blink.
Ashenzari invites you to partake of a vision and a curse of cunning and ranged combat.
You closely miss the phantom.
The phantom is heavily damaged.
The phantom hits you.
* * * LOW HITPOINT WARNING * * *
You closely miss the phantom. Your punch misses the phantom.
The phantom is heavily damaged.
The phantom completely misses you.
You closely miss the phantom. You punch the phantom.
The phantom is heavily damaged.
The phantom hits you.
* * * LOW HITPOINT WARNING * * *
The phantom blinks!
You blink.
You hit the phantom.
The phantom is heavily damaged.
The phantom hits you.
You die...

.. ..... ...?. #
#######......
#############.....#......
.##........))............
....#########)....#######
..### #......### ..#
##...@....# (.#
##...W..##..# ..#
#....#### #... .##
###.#.## ... .# #......#
.. .## #...##..[.... ..#
#+###.§§# ###.... #.#
#..##...###...##. #.#
##..#.......#


You could see a phantom.

Vanquished Creatures
  A scorpion (D:4)
  2 jellies (D:4)
  A hound (D:4)
  A gnoll bouda (D:4)
  2 orc priests (D:4)
  Ijyb (D:3)
  An iguana (D:4)
  Robin (D:3)
  5 gnolls
  5 adders
  3 worms (D:2)
  2 dart slugs
  8 orcs
  5 ball pythons
  4 endoplasms
  3 giant cockroaches
  10 goblins
  4 hobgoblins
  3 jackals (D:2)
  5 kobolds
  3 quokkas
  2 bats
  A frilled lizard (D:1)
  7 rats
80 creatures vanquished.

Vanquished Creatures (others)
  A goblin (D:3)
  6 withered plants (D:3)
7 creatures vanquished.

Grand Total: 87 creatures vanquished

Notes
Turn   | Place    | Note
-------+----------+-------------------------------------------
     0 | D:1      | p00ps00p the Djinni Venom Mage began the quest for the Orb.
     0 | D:1      | p00ps00p set off with the following spells memorised:
                  | Sting, Poisonous Vapours, Mephitic Cloud, Olgreb's Toxic
                  | Radiance.
     0 | D:1      | Reached XP level 1. HP: 15/15 MP: 0/0
   159 | D:1      | Reached skill level 1 in Fighting
   159 | D:1      | Reached XP level 2. HP: 21/22 MP: 0/0
   583 | D:2      | Reached XP level 3. HP: 6/28 MP: 0/0
   583 | D:2      | Learned a level 1 spell: Sandblast
  1048 | D:2      | Reached XP level 4. HP: 27/33 MP: 0/0
  1639 | D:3      | Noticed Ijyb
  1653 | D:3      | Killed Ijyb
  1692 | D:3      | Reached XP level 5. HP: 26/40 MP: 0/0
  1692 | D:3      | Learned a level 2 spell: Ensorcelled Hibernation
  1751 | D:3      | Found a runed translucent gate.
  1751 | D:3      | Found a runed translucent gate.
  1751 | D:3      | Found a runed translucent gate.
  1755 | D:3      | Noticed eyols's ghost (amateur FoFi)
  1755 | D:3      | Noticed retardedninja's ghost (weakling MiFi)
  2100 | D:3      | Noticed Robin
  2139 | D:3      | Killed Robin
  3130 | D:3      | Found a broken altar of Ashenzari.
  3141 | D:3      | Became a worshipper of Ashenzari the Shackled
  3444 | D:4      | Reached XP level 6. HP: 37/46 MP: 0/0
  4304 | D:3      | Reached XP level 7. HP: 9/53 MP: 0/0
  4304 | D:3      | Learned a level 2 spell: Static Discharge
  5192 | D:4      | HP: 2/53 [phantom (2)]
  5195 | D:4      | Slain by a phantom

Illustrated notes

Levels and vault maps discovered:
D:1:      spicycebolla_arrival_ecumenical, layout_rooms
D:2:      layout_loops_ring, minmay_tromino_i2
D:3:      layout_loops_ring, mainiacjoe_overflow_six_doors_small,
          gammafunk_ghost_cemetery, uniq_ijyb, uniq_robin
D:4:      layout_rooms, minmay_temple_entry_enclosed_plants

Skill      XL: |  1  2  3  4  5  6 |
---------------+-------------------+-----
Fighting       | 1 2 3 4 |  4.9
Spellcasting   | 3 4 |  4.5
Dodging        | |  2.1
Stealth        | |  1.5

Action                   |  1- 3 |  4- 6 |  7- 9 || total
-------------------------+-------+-------+-------++-------
Melee: Unarmed           |    16 |       |       ||    16
       Punch             |     1 |       |     1 ||     2
       Staff             |       |    26 |    14 ||    40
       Whip              |       |       |     8 ||     8
 Cast: Sting             |    46 |    69 |    16 ||   131
       Poisonous Vapours |     4 |    50 |     4 ||    58
       Mephitic Cloud    |     3 |     4 |     1 ||     8
       Olgreb's Toxic Ra |       |     1 |     1 ||     2
Evoke: Wand              |       |     2 |       ||     2
  Use: Scroll            |     6 |     3 |     3 ||    12
       Potion            |       |     1 |     1 ||     2
 Stab: Confused          |       |     1 |       ||     1
Armor: Robe              |     5 |     4 |     3 ||    12
Dodge: Dodged            |    25 |    48 |    19 ||    92

Table legend: (Time is in decaauts)
 A = Elapsed time spent in this place.
 B = Non-inter-level travel time spent in this place.
 C = Inter-level travel time spent in this place.
 D = Time resting spent in this place.
 E = Time spent auto-exploring this place.
 F = Levels seen in this place.
 G = Mean time per level.
                   A        B        C        D        E       F      G
               +--------+--------+--------+--------+--------+-----+--------+
         Total |   5205 |   5082 |    123 |   2526 |   1667 |   4 | 1301.2 |
       Dungeon |   5205 |   5082 |    123 |   2526 |   1667 |   4 | 1301.2 |
               +--------+--------+--------+--------+--------+-----+--------+

Top non-repeatable levels by time:
     D:3: 3036 daAuts
     D:2: 1213 daAuts
     D:4: 536 daAuts
     D:1: 419 daAuts
